And, neutral male human Tourist -------------- |............| ------ |............| .:G@d| |............| ##..$ddd |............| ### : c |............| ----- ################## ------|------- |....# #----------- ### # |...|# #####..........| # # ##-...|### -------- # |....|....|### # # |....######|......|### |.......<.|# --|-- ### ----- ### |.......# |....|....|# |...| # # |......| |.........|# |...-##@#N#### ##......<| |....|....|# |...| |....... +>.........# |.(.. -------- ----------- ----- And the Excursionist Experience level: 8 Strength: 15 Dexterity: 13 Constitution: 18 Intelligence: 12 Wisdom: 11 Charisma: 15 Health: 0(72) Energy: 32(32) AC: 1 Gold: 972 Moves: 8200 Your Inventory: Coins $ - 972 gold pieces Weapons a - 11 uncursed +2 darts (in quiver) p - 9 [uncursed +0] darts s - an [uncursed] +0 crude dagger [orcish] I - a cursed [-1] crude dagger [orcish] R - 3 [uncursed] +0 daggers Armor m - an uncursed +0 Hawaiian shirt (being worn) w - an [uncursed] +1 pair of speed boots (being worn) S - an [uncursed] +0 dwarvish cloak (being worn) T - a [blessed] +0 elven mithril-coat (being worn) V - a [blessed] +1 iron skull cap [orcish helm] (being worn) W - an [uncursed +0] pair of walking shoes [low] Comestibles b - 3 uncursed food rations e - an [uncursed] banana f - an uncursed slime mold B - 3 [uncursed] tripe rations X - 2 [uncursed] lizard corpses Scrolls l - 2 uncursed scrolls of magic mapping L - an [uncursed] scroll labeled HZLRC KSTSBD MPFNG [of enchant armor] O - a [cursed] scroll labeled ASHPD [of create monster] U - an [uncursed] scroll labeled PHOL ENDE WODAN [of stinking cloud] Z - an [uncursed] scroll labeled MAPIRO MAHAMA DIROMAT [of destroy armor] Potions k - an uncursed potion of extra healing D - an [uncursed] ruby potion [of confusion] E - an [uncursed] icy potion [of paralysis] G - an [uncursed] clear potion [of water] J - a [cursed] potion of extra healing P - an [uncursed] clear potion [of water] Wands z - an [uncursed] silver wand [of probing (0:8)] Tools d - an [uncursed +0] pick-axe n - an uncursed expensive camera (0:55) o - an uncursed credit card K - 17 [uncursed wax] candles M - an [uncursed +0] unicorn horn (weapon in hands) Spells known in the end: Name Level Category Fail Memory a - cure sickness 3 healing 100% [|||||...] Your skills at the end: Fighting Skills Weapon Skills dagger [Skilled / Expert] dart [Basic / Expert] Spellcasting Skills Final Attributes: You were piously aligned. Hunger level was 1005. Your alignment was 49 / 51. Monster difficulty range was 1 - 8. Level difficulty was 8. You resisted poison. You were blinded. You were telepathic. You were very fast. You were lucky (1). You are dead. Vanquished creatures: a small mimic a large dog a tengu a leather golem a chameleon 2 quivering blobs 2 leprechauns a mumak a black light a gnome king 2 lizards a dingo a jaguar a dwarf lord a white unicorn 2 gnome mummies 2 snakes a soldier ant 2 fire ants a bugbear 4 Mordor orcs an orc shaman 2 rock piercers a yellow light a shrieker 2 gnome lords a gnomish wizard 3 gray oozes a ghoul a straw golem a wax golem 2 giant ants a little dog 2 floating eyes 5 dwarves 3 homunculi a kobold lord a kobold shaman 7 rothes 2 rabid rats 2 centipedes a giant bat a werejackal 6 iguanas 9 killer bees a coyote a gas spore a hobbit a large kobold 2 giant rats 2 cave spiders a green mold 6 garter snakes a gnome zombie 5 geckos 23 jackals a kobold 5 goblins a sewer rat 10 grid bugs 5 lichens a kobold zombie 8 newts 162 creatures vanquished. Voluntary challenges: You were an atheist. You used a wielded weapon 308 times. You read items or engraved 475 times. You put on armor 14 times. You never genocided any monsters. You never polymorphed an object. You never changed form. You used no wishes. You wrote Elbereth's name 260 times. You never encountered a bones level. You never used any Sokoban shortcuts. Dungeon overview: The Dungeons of Doom: levels 1 to 9 Level 1 a fountain a long staircase Level 2 some fountains, a sink Level 3 a fountain Level 4 a potion shop a long staircase Level 5 an armor shop Level 7 many fountains Level 8 <- You were here a long staircase History has recorded: On T:1 you entered the Dungeons of Doom to retrieve the Amulet of Yendor! On T:193 you reached level 2 of The Dungeons of Doom. On T:425 you advanced to experience level 2. On T:798 you advanced to experience level 3. On T:1139 you advanced to experience level 4. On T:1241 you reached level 3 of The Dungeons of Doom. On T:1745 you reached level 4 of The Dungeons of Doom. On T:2509 you reached level 5 of The Dungeons of Doom. On T:3314 you advanced to experience level 5. On T:4069 you advanced to experience level 6. On T:4882 you advanced to experience level 7. On T:6533 you reached level 6 of The Dungeons of Doom. On T:7240 you reached level 7 of The Dungeons of Doom. On T:7377 you advanced to experience level 8. On T:7882 you reached level 8 of The Dungeons of Doom. On T:7964 you reached level 9 of The Dungeons of Doom. Latest messages: You miss the red naga. The red naga misses. You miss the red naga. You hit the red naga! The red naga bites! [HP-4=37] You miss the red naga. (2x) The red naga bites! [HP-8=29] The blast of fire hits you! Your sparkling potion boils and explodes! Your ochre potion boils and explodes! You feel rather tired. One of your clear potions boils and explodes! Your bubbly potion boils and explodes! Your swirly potion boils and explodes! For an instant you couldn't see yourself! You hear the howling of the CwnAnnwn... [HP-24=5] The blast of fire hits you! One of your scrolls of magic mapping catches fire and burns! Your sky blue potion boils and explodes! It suddenly gets dark. You die... Final status: Aloha And the Tourist... You died in The Dungeons of Doom on dungeon level 8 with 4184 points, and 972 pieces of gold, after 8200 moves. You were level 8 with a maximum of 72 hit points when you died.